 Dungeon Crawl Stone Soup version 0.16-a0-1120-gd281f79 (webtiles) character file.

665425 Ololoev the Impregnable (level 27, -6/305 HPs)
             Began as an Ogre Hunter on Oct 3, 2014.
             Was the Champion of Okawaru.
             Mangled by an Orb Guardian (25 damage)
             ... on level 5 of the Realm of Zot on Oct 6, 2014.
             The game lasted 08:59:54 (98208 turns).

Ololoev the Impregnable (Ogre Hunter)              Turns: 98208, Time: 08:59:54

Health: -6/305     AC: 44    Str: 40    XL:     27
Magic:  30/36      EV: 19    Int: 14    God:    Okawaru [******]
Gold:   6436       SH:  3    Dex: 20    Spells: 6 memorised, 9 levels left

rFire  + . .     SeeInvis +     g - +6 giant club of Gearr {vamp, *Rage rN+ Str+4 Int+1 SInv}
rCold  + . .     Clarity  +     O - +9 armour of the Dragon King {rPois rF+ rC+ MR+}
rNeg   + . .     SustAb   .     (shield restricted)
rPois  +         Gourm    .     I - +3 hat "Wetzyffi" {+Rage Int+2}
rElec  .         Spirit   .     W - +0 cloak of the Little Devil {Str+3 Dex+1}
rCorr  .         Warding  .     (gloves unavailable)
rMut   +         Stasis   .     (boots unavailable)
MR     +++..                    k - amulet of resist mutation
Stlth  ..........               y - +4 ring of strength
                                C - ring "Ugeq" {Int+3 Slay+6 Stlth+}

@: about to teleport, finesse, extremely resistant to hostile enchantments,
extremely unstealthy
A: unfitting armour, large bone plates 2, blurry vision 1, clarity, dopey 1, low
mp 1, strong 2, tough skin 1
a: Heroism, Finesse, Renounce Religion, Evoke Berserk Rage
}: 4/15 runes: barnacled, silver, abyssal, gossamer


You were on level 5 of the Realm of Zot.
You worshipped Okawaru.
Okawaru was exalted by your worship.
You were not hungry.

You visited 10 branches of the dungeon, and saw 56 of its levels.
You visited the Abyss 2 times.
You also visited: Labyrinth.

You collected 7904 gold pieces.
You spent 1468 gold pieces at shops.

Inventory:

Hand weapons
 b - the +1 eveningstar of the Establishment {antimagic, *Rage +Blink rC+}
   (You found it on level 1 of the Depths)

   It disrupts the flow of magical energy around spellcasters and certain
   magical creatures (including the wielder).
   It protects you from cold.
   It lets you blink.
   It may make you go berserk in combat.
 g - the +6 giant club of Gearr (weapon) {vamp, *Rage rN+ Str+4 Int+1 SInv}
   (Okawaru gifted it to you on level 2 of the Depths)

   It inflicts no extra harm, but heals its wielder somewhat when it strikes a
   living foe.
   It affects your strength (+4).
   It affects your intelligence (+1).
   It protects you from negative energy.
   It enhances your eyesight.
   It may make you go berserk in combat.
 K - a +5 blowgun
Missiles
 q - 5 needles of confusion
 z - 157 large rocks (quivered)
 E - 6 throwing nets
 H - 5 curare-tipped needles
 Q - a tomahawk of dispersal
 Y - 5 needles of frenzy
Armour
 h - a +2 shield
 I - the +3 hat "Wetzyffi" (worn) {+Rage Int+2}
   (Okawaru gifted it to you on level 5 of the Vaults)

   It affects your intelligence (+2).
   It lets you go berserk.
 J - a +2 hat of see invisible
 O - the +9 armour of the Dragon King (worn) {rPois rF+ rC+ MR+}
   (You took it off a deep elf high priest on level 3 of the Elven Halls)

   It protects you from fire.
   It protects you from cold.
   It protects you from poison.
   It affects your resistance to hostile enchantments.
 W - the +0 cloak of the Little Devil (worn) {Str+3 Dex+1}
   (You found it on level 5 of the Vaults)

   It affects your strength (+3).
   It affects your dexterity (+1).
Magical devices
 d - a wand of disintegration (8)
 n - a wand of hasting (2)
 r - a wand of teleportation (1)
 U - a wand of digging (7)
Comestibles
 f - 16 meat rations
 o - 29 bread rations
Scrolls
 i - 11 scrolls of recharging
 j - 15 scrolls of remove curse
 m - a scroll of silence
 s - 6 scrolls of immolation
 w - 21 scrolls of teleportation
 B - 5 scrolls of enchant armour
 G - 4 scrolls of fog
 M - 6 scrolls of magic mapping
 N - 6 scrolls of enchant weapon
 T - 2 scrolls of blinking
 V - 9 scrolls of identify
Jewellery
 k - an amulet of resist mutation (around neck)
 p - the amulet "Maiz" {Spirit Str+2 Stlth--}
   (You found it on level 3 of the Elven Halls)

   [amulet of guardian spirit]

   It causes incoming damage to be split between your health and magic.
   It affects your strength (+2).
   It makes you much less stealthy.
 y - a +4 ring of strength (right hand)
 C - the ring "Ugeq" (left hand) {Int+3 Slay+6 Stlth+}
   (You took it off a deep elf high priest on level 3 of the Elven Halls)

   [ring of stealth]

   It affects your intelligence (+3).
   It affects your accuracy and damage with ranged weapons and melee attacks
   (+6).
   It makes you more stealthy.
Potions
 a - 2 potions of might
 c - a potion of haste
 e - 4 potions of agility
 t - 3 potions of flight
 x - 12 potions of restore abilities
 A - 5 potions of curing
 L - a potion of resistance
 P - 2 potions of cancellation
 S - 3 potions of cure mutation
Miscellaneous
 u - a lamp of fire
 v - a lamp of fire
 R - a fan of gales (inert)


   Skills:
 - Level 23.0 Fighting
 - Level 24.1 Maces & Flails
 + Level 15.4 Throwing
 + Level 25.5 Armour
 * Level 18.8 Dodging
 - Level 0.7 Stealth
 - Level 8.3 Shields
 - Level 2.0 Invocations
 - Level 17.0 Evocations


You had 9 spell levels left.
You knew the following spells:

 Your Spells              Type           Power        Failure   Level  Hunger
a - Magic Dart            Conj           #...         94%         1    ##.....
b - Control Teleport      Chrm/Tloc      #.........   100%        4    #####..
c - Regeneration          Chrm/Necr      #.........   100%        3    ####...
d - Condensation Shield   Ice            #.........   100%        4    #####..
e - Flight                Chrm/Air       #.........   100%        3    ####...
f - Repel Missiles        Chrm/Air       #.....       99%         2    ###....


Dungeon Overview and Level Annotations

Branches:
Dungeon (15/15)            Temple (1/1) D:5             Orc (4/4) D:10
    Elf (3/3) Orc:3          Lair (8/8) D:9          Shoals (5/5) Lair:5
 Spider (5/5) Lair:6        Slime (0/6) Lair:7       Vaults (5/5) D:14
  Crypt (0/3) Vaults:2     Depths (5/5) D:15            Zot (5/5) Depths:5

Altars:
Ashenzari
Cheibriados
Dithmenos
Elyvilon
Fedhas
Gozag
Kikubaaqudgha
Makhleb
Nemelex Xobeh
Okawaru
Qazlal
Ru
Sif Muna
Trog
Vehumet
Xom
Yredelemnul
Zin
The Shining One
Jiyva
Lugonu

Shops:
D:12 !   D:13 (   Orc:4 %![(   Elf:1 (   Elf:2 [   Shoals:1 [   Vaults:4 :[=([
Depths:3 [   Depths:4 ?

Portals:
Hell: Depths:4 Depths:5
Abyss: Depths:1 Depths:2 Depths:4
Pandemonium: Depths:3 Depths:4 Depths:5
Ziggurat: Depths:2

Annotations:
D:7 exclusion: door
Shoals:1 exclusion: Roxanne, Roxanne


Innate Abilities, Weirdness & Mutations

You are too large for most types of armour.
You have tough skin (AC +1).
You are mostly covered in large bone plates (AC +3, SH +3).
Your vision is a little blurry.
You possess an exceptional clarity of mind.
You are dopey. (Int -2)
Your magical capacity is low (-10% MP).
Your muscles are very strong. (Str +4)


Message History

The storm dragon barely misses you.
The storm dragon tramples you but does no damage.
The moth of wrath misses you.
Drink which item? (? for menu, Esc to quit)
Okay, then.
Evoke which item? (* to show all) (? for menu, Esc to quit)
A mighty gale blasts forth from the fan!
The monsters around you are blown away!
The winds coalesce and take form.
The Executioner hits you but does no damage.
The Executioner hits you.
* * * LOW HITPOINT WARNING * * *
The Executioner hits you but does no damage.
Unknown command.
Read which item? (? for menu, Esc to quit)
As you read the scroll of teleportation, it crumbles to dust.
You feel strangely unstable. The Executioner closely misses you.
The Executioner hits you but does no damage. x2
Your air elemental barely misses the moth of wrath.
The Orb Guardian hits you!!
You die...

..........#.............#
..........#.............#
..........#.............#
'##########.........(...#
.# #.............# .#
############### #▓
****############ #
**,,.........X..## #
**,,,...E....@1...##
**,,,,.........^....##
*,,,,,,..E...........#
*,,,,,,.....D....D...#
*,,,,,,...L..........#
*,,,,,,......(.....2.# #
*,,,,,......((y.(1p..#
##*,,,,....,...E.......#
.###,,..X..,,.........##


You could see a Killer Klown, an ancient lich, 2 storm dragons, an Ice Fiend, an
Orb Guardian (berserk), an Executioner, a blizzard demon, a moth of wrath and 3
friendly air elementals.

Vanquished Creatures
  An orb of fire (Zot:5)
  3 ancient liches
  3 Killer Klowns
  8 golden dragons
  A profane servitor (Abyss:3)
  Frederick (Depths:4)
  5 bone dragons
  Arachne (Spider:5)
  10 liches
  9 tentacled monstrosities
  Asterion (Vaults:1)
  7 Orb Guardians (Zot:5)
  2 titans
  2 deep elf master archers (Elf:3)
  14 storm dragons
  4 deep elf blademasters
  2 octopode crushers (Zot:4)
  A quicksilver dragon (Zot:4)
  A kraken (Shoals:3)
  2 Executioners
  7 tentacled starspawn
  Rupert (Lair:6)
  Frances (D:15)
  5 tengu reavers
  5 sphinxes
  11 shadow dragons
  2 draconian monks (Zot:3)
  Ilsuiw (Shoals:4)
  17 fire giants
  5 draconian knights
  5 draconian scorchers
  5 ghost moths
  Maud (Lair:6)
  17 vault wardens
  2 iron dragons (Vaults:5)
  16 frost giants
  Aizul (Depths:2)
  Louise (Shoals:4)
  18 emperor scorpions
  7 deep elf sorcerers
  2 orc warlords
  Gastronok (D:10)
  5 draconian zealots
  4 draconian annihilators
  Jorgrun (Elf:2)
  A spriggan defender (Depths:2)
  29 very ugly things
  A reaper (Abyss:3)
  27 stone giants
  4 war gargoyles
  9 deep elf demonologists
  5 draconian shifters
  3 draconian callers
  15 rakshasas
  A stone giant (shapeshifter) (Depths:2)
  14 deep elf annihilators
  7 green draconians
  8 red draconians
  A vampire knight (Depths:2)
  2 grey draconians
  8 black draconians
  A red draconian (shapeshifter) (Zot:4)
  9 mottled draconians
  4 purple draconians
  8 yellow draconians
  A purple draconian (shapeshifter) (Zot:4)
  A lorocyproca (Zot:4)
  8 pale draconians
  6 white draconians
  6 dire elephants
  20 ettins
  2 blizzard demons
  3 merfolk javelineers (Shoals:5)
  A green death (Abyss:2)
  7 minotaurs
  46 vault guards
  8 deep elf death magi
  3 jiangshi (Depths:1)
  20 yaktaur captains
  10 merfolk impalers
  22 fire dragons
  12 ironheart preservers
  8 deep elf high priests
  13 great orbs of eyes
  Fannar (Lair:8)
  24 ice dragons
  Harold (Lair:7)
  5 hydras
  5 spriggan air magi
  4 death cobs
  Nessos (Shoals:2)
  2 alligator snapping turtles
  12 deep troll earth magi
  18 dancing weapons
  11 centaur warriors
  A merfolk avatar (Shoals:5)
  An anaconda (shapeshifter) (Vaults:5)
  7 merfolk aquamancers
  4 orc high priests (Orc:4)
  7 deep troll shamans
  18 death yaks
  3 vampire magi
  A titan zombie (Depths:3)
  7 tengu warriors
  4 sun demons
  9 hell hogs
  2 thrashing horrors (Abyss:3)
  10 ogre magi
  8 spriggan berserkers
  Urug (D:15)
  21 hell knights
  22 deep elf knights
  5 catoblepae
  10 wretched stars
  3 iron trolls
  3 spatial maelstroms
  11 skeletal warriors
  A titan skeleton (Depths:3)
  3 unseen horrors
  A shadow demon (Elf:3)
  19 sea snakes
  A ghost moth zombie (Abyss:2)
  7 giant orange brains
  5 flayed ghosts
  3 harpies
  2 lindwurms
  27 deep trolls
  A swamp dragon (shapeshifter) (Vaults:4)
  A golden dragon zombie (Depths:3)
  22 orb spiders
  17 hill giants
  A sea snake (shapeshifter) (Depths:2)
  An orb spider (shapeshifter) (D:15)
  11 deep elf summoners
  A silver statue (Elf:2)
  A golden dragon skeleton (Depths:3)
  18 orc knights
  8 necromancers
  17 ironbrand convokers
  A mana viper (shapeshifter) (Vaults:3)
  A glowing shapeshifter (Vaults:4)
  14 griffons
  10 deep elf conjurers
  A stone giant zombie (Depths:2)
  A shining eye (shapeshifter) (Vaults:5)
  A draconian zombie (Zot:5)
  75 ugly things
  A fire giant zombie (Depths:5)
  5 phantasmal warriors
  6 red wasps
  4 oklob plants
  2 wizards (Depths:4)
  32 wolf spiders
  A red wasp (shapeshifter) (Depths:1)
  5 orc sorcerers
  6 water nymphs
  A sphinx skeleton (Vaults:2)
  A salamander (shapeshifter) (Vaults:5)
  15 cyclopes
  5 sixfirhies
  15 moths of wrath
  5 fauns
  A draconian (shapeshifter) (Vaults:1)
  10 manticores
  2 stone giant skeletons
  Maurice (D:10)
  5 black mambas
  22 vault sentinels
  4 sirens
  11 smoke demons
  18 elephants
  An octopode (shapeshifter) (Depths:2)
  5 worldbinders
  2 torpor snails
  A frost giant skeleton (Vaults:2)
  A guardian serpent (Zot:4)
  A tormentor (Abyss:1)
  2 apocalypse crabs
  3 fire giant skeletons
  10 spiny frogs
  The ghost of Mayheim the Cutter, an experienced FoFi of Ru (D:4)
  2 orange demons
  2 efreet
  2 yaktaurs (shapeshifter)
  2 mottled draconian zombies (Zot:3)
  2 black mambas (shapeshifter)
  6 kobold demonologists
  70 yaktaurs
  An elf (shapeshifter) (Vaults:2)
  10 komodo dragons
  11 deep elf priests
  7 ancient zymes
  9 demonic crawlers
  2 hellwings (Abyss:3)
  3 yaktaur skeletons (Vaults:2)
  A troll (shapeshifter) (Abyss:4)
  A death yak skeleton (Depths:2)
  4 harpy zombies (Zot:4)
  28 merfolk
  40 jumping spiders
  23 large abominations
  2 fire drakes
  3 tengu conjurers
  15 polar bears
  5 trolls
  A hydra zombie (D:15)
  4 freezing wraiths
  A polar bear (shapeshifter) (Depths:1)
  13 raiju
  A moth of wrath zombie (Zot:5)
  A blue devil (Zot:5)
  30 slime creatures
  25 blink frogs
  A raiju (shapeshifter) (Depths:4)
  9 ravens
  A deep troll zombie (Depths:5)
  2 baby alligators (shapeshifter)
  A human simulacrum (Vaults:3)
  2 boulder beetles
  A fire giant simulacrum (Vaults:1)
  10 two-headed ogres
  2 griffon zombies
  24 trapdoor spiders
  A wraith (D:10)
  13 snapping turtles
  A spriggan (shapeshifter) (D:13)
  A griffon skeleton (D:12)
  23 tarantellas
  A wyvern (D:13)
  3 spriggans
  5 air elementals
  3 basilisks
  21 deep elf magi
  A fire elemental (Depths:4)
  44 redbacks
  27 starcursed masses
  A vampire (Depths:1)
  A tarantella (shapeshifter) (Vaults:2)
  4 fire bats (Abyss:3)
  5 neqoxecs
  46 yaks
  9 ynoxinuls
  2 humans (shapeshifter)
  12 water elementals
  5 hungry ghosts
  A hill giant skeleton (D:12)
  A steam dragon (Lair:5)
  A hill giant zombie (D:9)
  24 vampire mosquitoes
  6 chaos spawn
  37 deep elf fighters
  16 hippogriffs
  2 elf skeletons
  4 wargs
  5 spatial vortices
  11 wolves
  2 human zombies (Depths:5)
  A soldier ant (shapeshifter) (Vaults:3)
  16 water moccasins
  5 ice beasts
  39 orc warriors
  3 mottled dragons
  4 human skeletons
  31 spiders
  15 small abominations
  5 sky beasts
  A black bear (shapeshifter) (Vaults:1)
  7 porcupines
  9 yellow wasps
  9 black bears
  3 necrophages
  3 boring beetles
  19 boggarts
  45 ogres
  3 phantoms
  A snapping turtle skeleton (Abyss:1)
  A griffon simulacrum (D:14)
  23 centaurs
  13 crocodiles
  9 big kobolds
  A yaktaur zombie (Depths:5)
  A lost soul (Zot:4)
  2 brain worms (Abyss:3)
  23 giant frogs
  A gnoll sergeant (D:13)
  A cyclops zombie (D:12)
  A water moccasin zombie (D:5)
  14 scorpions
  An insubstantial wisp (Abyss:4)
  A cyclops skeleton (D:12)
  9 killer bees
  A troll zombie (D:7)
  A yak zombie (D:11)
  7 wights (D:12)
  An orc simulacrum (Vaults:1)
  3 electric eels
  A tengu skeleton (D:15)
  9 crimson imps
  A troll skeleton (D:7)
  5 quasits
  5 eyes of draining
  A centaur zombie (D:11)
  2 centaur skeletons
  2 goliath beetles
  15 hounds
  An iron imp (Abyss:3)
  39 orc wizards
  A giant frog skeleton (D:9)
  11 iguanas
  A shapeshifter simulacrum (D:14)
  4 jellies
  34 orc priests
  10 worker ants
  A two-headed ogre skeleton (D:13)
  19 sheep
  A sky beast zombie (D:9)
  3 hound skeletons
  A hound zombie (D:6)
  11 gnolls
  24 adders
  60 green rats
  A scorpion zombie (D:5)
  4 giant mites
  2 white imps (Abyss:3)
  7 shadow imps
  7 worms
  A worm (shapeshifter) (Depths:3)
  6 ufetubi
  4 oozes
  189 orcs
  24 bats
  2 bat zombies (D:5)
  6 giant cockroaches
  24 hobgoblins
  7 jackals
  11 quokkas
  3 ball pythons
  A giant gecko (D:1)
  4 giant newts
  2 giant spores
  19 goblins
  66 kobolds
  A kobold skeleton (D:4)
  4 orc skeletons
  2 orc zombies
  A quokka skeleton (D:9)
  22 rats
  A rat zombie (D:5)
  29 ballistomycetes
  A butterfly (Zot:4)
  A fungus (Depths:2)
  20 plants
  5 starspawn tentacles
  A starspawn tentacle segment (Abyss:2)
  A tentacle (Shoals:3)
  A tentacle segment (Shoals:3)
3086 creatures vanquished.

Vanquished Creatures (collateral kills)
  An Orb Guardian (Zot:5)
  A necromancer (Depths:5)
  2 ugly things
4 creatures vanquished.

Vanquished Creatures (others)
  The ghost of Garrluk the Devastator, a great DEFE of Vehumet (Vaults:5)
  A tengu reaver (Depths:3)
  A draconian monk (Zot:4)
  A fire giant (Depths:1)
  A necromancer (Depths:5)
  2 air elementals (Depths:2)
  6 fire elementals
  A demonic crawler (Spider:2)
  A fire vortex (Vaults:5)
  A tarantella (Spider:5)
  An ogre (Vaults:5)
  A spider (Spider:2)
  A boggart (Zot:4)
  3 lost souls
  2 sheep (Shoals:4)
  An orange rat (Elf:1)
  An orc (Vaults:1)
  2 giant spores
  A ballistomycete (D:14)
  11 fungi
  15 plants
  16 starspawn tentacles
  502 starspawn tentacle segments
  12 tentacles (Shoals:3)
  311 tentacle segments (Shoals:3)
896 creatures vanquished.

Grand Total: 3986 creatures vanquished

Notes
Turn   | Place    | Note
--------------------------------------------------------------
     0 | D:1      | Ololoev, the Ogre Hunter, began the quest for the Orb.
     0 | D:1      | Reached XP level 1. HP: 22/22 MP: 1/1
   127 | D:1      | Reached XP level 2. HP: 25/29 MP: 2/2
  1372 | D:2      | Reached XP level 3. HP: 26/36 MP: 3/3
  1741 | D:2      | Reached XP level 4. HP: 33/44 MP: 4/4
  1860 | D:2      | Found a shattered altar of Ashenzari.
  1946 | D:2      | Reached skill level 5 in Throwing
  2086 | D:2      | Found an ancient bone altar of Kikubaaqudgha.
  2513 | D:3      | Found a shadowy altar of Dithmenos.
  2554 | D:3      | Reached skill level 5 in Maces & Flails
  2844 | D:3      | Reached XP level 5. HP: 47/50 MP: 5/5
  3651 | D:4      | Reached skill level 6 in Maces & Flails
  3971 | D:4      | Reached XP level 6. HP: 56/59 MP: 6/6
  4013 | D:4      | Noticed Mayheim's ghost (experienced FoFi)
  4052 | D:4      | Killed Mayheim's ghost
  4052 | D:4      | Reached skill level 8 in Maces & Flails
  4052 | D:4      | Reached XP level 7. HP: 17/66 MP: 7/7
  4859 | D:5      | Entered Level 5 of the Dungeon
  4866 | D:5      | Reached skill level 9 in Maces & Flails
  5101 | D:5      | Reached XP level 8. HP: 57/74 MP: 8/8
  5195 | D:4      | Reached skill level 10 in Maces & Flails
  5202 | D:4      | Gained mutation: Your spells are a little easier to cast, but a little less powerful. [mutagenic meat]
  5203 | D:4      | Gained mutation: Your body is slowly deteriorating. [mutagenic meat]
  5204 | D:4      | Gained mutation: You heal slowly when monsters are visible. [mutagenic meat]
  5205 | D:4      | Gained mutation: You are partially covered in large bone plates (AC +2, SH +2). [potion of mutation]
  5205 | D:4      | Lost mutation: Your body is slowly deteriorating. [potion of mutation]
  5205 | D:4      | Gained mutation: You are dopey. (Int -2) [potion of mutation]
  5344 | D:5      | Found a staircase to the Ecumenical Temple.
  5362 | Temple   | Entered the Ecumenical Temple
  6173 | D:5      | Found an opulent altar of Gozag.
  6217 | D:5      | Found a white marble altar of Elyvilon.
  6543 | D:6      | Reached skill level 11 in Maces & Flails
  6569 | D:6      | Gained mutation: Your muscles are strong. (Str +2) [mutagenic meat]
  6771 | D:6      | Found an iron altar of Okawaru.
  6811 | D:6      | Became a worshipper of Warmaster Okawaru
  7427 | D:7      | Reached XP level 9. HP: 75/81 MP: 9/9
  7523 | D:7      | Reached skill level 12 in Maces & Flails
  7686 | D:7      | Acquired Okawaru's first power
  7710 | D:7      | Reached skill level 1 in Shields
  8385 | D:7      | Found a glowing silver altar of Zin.
  9406 | D:6      | Reached skill level 5 in Shields
  9760 | D:9      | Reached XP level 10. HP: 84/92 MP: 10/10
  9797 | D:9      | Found a staircase to the Lair.
  9952 | D:9      | Gained mutation: You evolve. [mutagenic meat]
 10154 | D:9      | Found a deep blue altar of Sif Muna.
 11466 | D:9      | Reached skill level 5 in Fighting
 11632 | D:9      | Reached skill level 13 in Maces & Flails
 11899 | D:9      | Gained mutation: You are resistant to hostile enchantments. [evolution]
 11940 | D:10     | Entered Level 10 of the Dungeon
 11957 | D:10     | Noticed Maurice
 11971 | D:10     | Killed Maurice
 12094 | D:10     | Noticed a hill giant
 12129 | D:10     | Killed a hill giant
 12289 | D:10     | Reached skill level 14 in Maces & Flails
 12289 | D:10     | Reached XP level 11. HP: 99/107 MP: 11/11
 12349 | D:10     | Learned a level 1 spell: Magic Dart
 12401 | D:10     | Found a staircase to the Orcish Mines.
 12491 | D:10     | Acquired Okawaru's second power
 12679 | D:10     | Learned a level 4 spell: Control Teleport
 14024 | D:11     | Reached skill level 15 in Maces & Flails
 14244 | D:11     | Learned a level 3 spell: Regeneration
 14253 | D:11     | Noticed a hill giant
 14288 | D:11     | Killed a hill giant
 14425 | D:11     | Received a gift from Okawaru
 14514 | D:11     | Gained mutation: You possess an exceptional clarity of mind. [evolution]
 14838 | D:11     | Noticed a hill giant
 14869 | D:11     | Killed a hill giant
 14979 | D:11     | Identified Skuxi's Volume of the Hurtful Snowflakes
 15109 | D:11     | Noticed an ice dragon
 15145 | D:11     | Killed an ice dragon
 15145 | D:11     | Reached skill level 16 in Maces & Flails
 15154 | D:11     | Got a crude bronze ring
 15369 | D:11     | Identified the ring "Omyxir" {+/*Tele rF+ Str-5 Int+3} (You found it on level 11 of the Dungeon)
 15586 | D:12     | Found Shyfayl's Distillery.
 15612 | D:12     | Bought 2 potions of berserk rage for 90 gold pieces
 15612 | D:12     | Bought a potion of might for 37 gold pieces
 15612 | D:12     | Bought a potion of poison for 15 gold pieces
 15612 | D:12     | Bought a potion of agility for 37 gold pieces
 16087 | D:12     | Reached XP level 12. HP: 121/126 MP: 12/12
 16108 | D:12     | Noticed a hill giant
 16152 | D:12     | Killed a hill giant
 16152 | D:12     | Reached skill level 10 in Fighting
 16534 | D:12     | Reached skill level 17 in Maces & Flails
 16943 | D:12     | Noticed a hill giant
 16943 | D:12     | Noticed a centaur warrior
 16973 | D:12     | Killed a hill giant
 16984 | D:12     | Killed a centaur warrior
 16984 | D:12     | Received a gift from Okawaru
 17509 | D:13     | Found an iron altar of Okawaru.
 17509 | D:13     | Noticed a centaur warrior
 17902 | D:13     | Killed a centaur warrior
 17902 | D:13     | Reached skill level 18 in Maces & Flails
 18703 | D:13     | Found Bidapt's Antique Weapon Boutique.
 18749 | D:13     | Found a snail-covered altar of Cheibriados.
 18853 | D:13     | Noticed a tengu warrior
 18996 | D:13     | Killed a tengu warrior
 19166 | D:13     | Noticed a tengu warrior
 19187 | D:13     | Killed a tengu warrior
 19187 | D:13     | Reached XP level 13. HP: 132/140 MP: 13/13
 19228 | D:13     | Reached skill level 19 in Maces & Flails
 19438 | D:13     | Lost mutation: Your spells are a little easier to cast, but a little less powerful. [evolution]
 19602 | D:13     | Noticed a tengu warrior
 19620 | D:13     | Killed a tengu warrior
 19620 | D:13     | Received a gift from Okawaru
 19889 | D:13     | Noticed a five-headed hydra
 20099 | D:13     | Killed a five-headed hydra
 20099 | D:13     | Received a gift from Okawaru
 20205 | D:13     | Noticed a centaur warrior
 20211 | D:13     | Killed a centaur warrior
 20234 | D:13     | Identified a scroll of acquirement
 20639 | D:11     | Lost mutation: You are resistant to hostile enchantments. [evolution]
 20746 | Lair:1   | Entered Level 1 of the Lair of Beasts
 22351 | Lair:2   | Reached skill level 1 in Armour
 22603 | Lair:1   | Reached skill level 20 in Maces & Flails
 22930 | Lair:1   | Received a gift from Okawaru
 23011 | Lair:2   | Reached skill level 10 in Throwing
 23488 | Lair:2   | Got a crude mace
 23489 | Lair:2   | Identified the +4 mace "Oteipp" {drain, +Rage +Fly rF+ rC++ rN+} (You found it on level 2 of the Lair of Beasts)
 23601 | Lair:2   | Reached skill level 1 in Evocations
 23700 | Lair:2   | Gained mutation: You passively map a small area around you. [evolution]
 23951 | Lair:2   | Reached skill level 1 in Invocations
 24043 | Lair:2   | Reached XP level 14. HP: 127/153 MP: 18/18
 25217 | Lair:3   | Received a gift from Okawaru
 25828 | Lair:4   | Reached skill level 5 in Evocations
 26508 | Lair:5   | Found a staircase to the Shoals.
 26539 | Lair:5   | Received a gift from Okawaru
 26542 | Lair:5   | Got a heavy robe {god gift}
 26553 | Lair:5   | Identified the +2 robe of Nederur {Int+2} (Okawaru gifted it to you on level 5 of the Lair of Beasts)
 26739 | Lair:5   | Learned a level 4 spell: Condensation Shield
 27082 | Lair:5   | Reached skill level 5 in Armour
 27310 | Lair:5   | Got an ancient chain mail
 27311 | Lair:5   | Identified the +3 chain mail "Stiniragg" {Dex+3 Int+2 Stlth++} (You found it on level 5 of the Lair of Beasts)
 27593 | Lair:6   | Noticed Maud
 27899 | Lair:6   | Noticed Rupert
 27920 | Lair:6   | Killed Rupert
 28032 | Lair:6   | Found a hole to the Spider Nest.
 28108 | Lair:6   | Found a bloodstained altar of Trog.
 28206 | Lair:6   | Killed Maud
 28209 | Lair:6   | Received a gift from Okawaru
 28381 | Lair:6   | Gained mutation: Your magical capacity is low (-10% MP). [evolution]
 28933 | Lair:7   | Found a labyrinth entrance.
 28949 | Lab      | Entered a labyrinth
 29225 | Lab      | Got a steaming ring mail
 29226 | Lab      | Identified the cursed +5 ring mail "Cesm" {rC+} (You took it off a minotaur in a labyrinth)
 29232 | Lab      | Identified a +3 rod of striking (12/12) (You took it off a minotaur in a labyrinth)
 29244 | Lab      | Identified A Primer on Spellcasting
 29675 | Lair:7   | Noticed Harold
 29678 | Lair:7   | Killed Harold
 29681 | Lair:7   | Reached XP level 15. HP: 159/159 MP: 22/24
 29698 | Lair:7   | Got a crude broad axe
 29699 | Lair:7   | Identified the +8 broad axe "Peorauw" {freeze, SInv Stlth++} (You found it on level 7 of the Lair of Beasts)
 30056 | Lair:7   | Received a gift from Okawaru
 30230 | Lair:7   | Found a viscous altar of Jiyva.
 30230 | Lair:7   | Found a staircase to the Slime Pits.
 30523 | Lair:8   | Entered Level 8 of the Lair of Beasts
 30553 | Lair:8   | Received a gift from Okawaru
 31532 | Lair:8   | Received a gift from Okawaru
 31678 | Lair:8   | Reached skill level 10 in Evocations
 31774 | Lair:8   | Noticed Fannar
 31791 | Lair:8   | Killed Fannar
 32323 | Lair:8   | Received a gift from Okawaru
 32326 | Lair:8   | Got a brightly glowing mace {god gift}
 32330 | Lair:8   | Identified the +10 mace "Gheb" {crush, rN+ MR+} (Okawaru gifted it to you on level 8 of the Lair of Beasts)
 32659 | Lair:8   | Gained mutation: You are mostly covered in large bone plates (AC +3, SH +3). [evolution]
 33182 | D:10     | Noticed Gastronok
 33204 | D:10     | Killed Gastronok
 33232 | Orc:1    | Entered Level 1 of the Orcish Mines
 33391 | Orc:1    | Found a burning altar of Makhleb.
 34683 | Orc:3    | Found a staircase to the Elven Halls.
 34754 | Orc:4    | Entered Level 4 of the Orcish Mines
 35454 | Orc:4    | Received a gift from Okawaru
 35701 | Orc:4    | Received a gift from Okawaru
 36104 | Orc:4    | Found Vakuid's Antique Armour Shop.
 36104 | Orc:4    | Found Kli Suah's Food Boutique.
 36104 | Orc:4    | Found Laosay's Distillery.
 36206 | Orc:4    | Found Kleuttal's Antique Weapon Shop.
 36211 | Orc:4    | Bought a potion of curing for 24 gold pieces
 36211 | Orc:4    | Bought a potion of curing for 24 gold pieces
 36211 | Orc:4    | Bought a potion of invisibility for 66 gold pieces
 36211 | Orc:4    | Bought a potion of heal wounds for 36 gold pieces
 36211 | Orc:4    | Bought a potion of curing for 24 gold pieces
 37359 | Spider:1 | Entered Level 1 of the Spider Nest
 37772 | Spider:1 | Reached XP level 16. HP: 169/169 MP: 26/26
 38540 | Spider:1 | Learned a level 3 spell: Flight
 38709 | Spider:1 | Reached skill level 5 in Dodging
 39556 | Spider:1 | Received a gift from Okawaru
 40214 | Spider:2 | Reached skill level 10 in Armour
 41964 | Spider:3 | Received a gift from Okawaru
 42014 | Spider:3 | Got a steaming robe {god gift}
 42041 | Spider:3 | Identified the +1 robe "Jetha" {rElec} (Okawaru gifted it to you on level 3 of the Spider Nest)
 42063 | Spider:3 | Gained mutation: Your muscles are very strong. (Str +4) [evolution]
 43976 | Spider:4 | Received a gift from Okawaru
 44166 | Spider:5 | Entered Level 5 of the Spider Nest
 44278 | Spider:5 | Noticed Arachne
 44310 | Spider:5 | Killed Arachne
 44334 | Spider:5 | Reached XP level 17. HP: 76/176 MP: 27/27
 44337 | Spider:5 | Received a gift from Okawaru
 44711 | Spider:5 | Received a gift from Okawaru
 44714 | Spider:5 | Got a steaming demon blade {god gift}
 44721 | Spider:5 | Identified the +4 demon blade "Wompowy" {vamp, rF+} (Okawaru gifted it to you on level 5 of the Spider Nest)
 46841 | Spider:5 | Received a gift from Okawaru
 47074 | Spider:5 | Received a gift from Okawaru
 47268 | Spider:5 | Lost mutation: You passively map a small area around you. [evolution]
 47611 | Spider:5 | Got a gossamer rune of Zot
 47935 | Shoals:1 | Entered Level 1 of the Shoals
 48015 | Shoals:1 | Noticed Roxanne
 48593 | Shoals:1 | Found Twimehue's Antique Armour Shoppe.
 48671 | Shoals:1 | Received a gift from Okawaru
 48711 | Shoals:1 | Got a smoking flail {god gift}
 48712 | Shoals:1 | Identified the +2 flail "Tetzo" {freeze, Int-3} (Okawaru gifted it to you on level 1 of the Shoals)
 49311 | Shoals:2 | Noticed Nessos
 49975 | Shoals:2 | Killed Nessos
 50276 | Shoals:2 | Reached XP level 18. HP: 182/185 MP: 27/27
 51085 | Shoals:3 | Reached skill level 10 in Dodging
 51087 | Shoals:3 | Received a gift from Okawaru
 53575 | Shoals:4 | Noticed Louise
 53596 | Shoals:4 | Killed Louise
 53851 | Shoals:5 | Entered Level 5 of the Shoals
 54332 | Shoals:5 | Noticed Ilsuiw
 54612 | Shoals:4 | Killed Ilsuiw
 54621 | Shoals:4 | Received a gift from Okawaru
 55881 | Shoals:4 | Reached skill level 15 in Armour
 55976 | Shoals:5 | Received a gift from Okawaru
 56142 | Shoals:5 | Got a barnacled rune of Zot
 57517 | D:14     | Received a gift from Okawaru
 57909 | D:14     | Found a gate to the Vaults.
 57918 | D:14     | Reached XP level 19. HP: 197/197 MP: 28/28
 58708 | D:15     | Entered Level 15 of the Dungeon
 58839 | D:15     | Noticed Urug
 58853 | D:15     | Killed Urug
 58899 | D:15     | Found a shadowy altar of Dithmenos.
 59380 | D:15     | Noticed Frances
 59406 | D:15     | Killed Frances
 59632 | D:15     | Received a gift from Okawaru
 59865 | D:15     | Reached skill level 15 in Fighting
 59870 | D:15     | HP: 4/201 [rakshasa/long sword (14)]
 60298 | D:15     | Found a staircase to the Depths.
 60661 | Depths:1 | Entered Level 1 of the Depths
 61587 | Depths:1 | Received a gift from Okawaru
 62025 | Depths:1 | Received a gift from Okawaru
 62106 | Depths:1 | Found a deep blue altar of Sif Muna.
 62658 | Depths:1 | Found a corrupted altar of Lugonu.
 62658 | Depths:1 | Found a one-way gate to the infinite horrors of the Abyss.
 62936 | Depths:1 | Received a gift from Okawaru
 62940 | Depths:1 | Got an ancient eveningstar
 62976 | D:15     | Identified the +3 eveningstar "Mnap Caki" {crush, rF+} (You took it off a hell knight on level 1 of the Depths)
 63322 | Depths:1 | Got a steaming eveningstar
 63324 | Depths:1 | Got a pitted mace
 63326 | Depths:1 | Got a crystal giant spiked club
 63336 | Depths:1 | Identified the +1 eveningstar of the Establishment {antimagic, *Rage +Blink rC+} (You found it on level 1 of the Depths)
 63337 | Depths:1 | Identified the cursed +1 mace "Dragonslayer" {flame, Noisy rC+} (You found it on level 1 of the Depths)
 63345 | Depths:1 | Identified the +6 giant spiked club "Ycwoxzy" {speed, rF-} (You found it on level 1 of the Depths)
 63533 | Depths:1 | Reached XP level 20. HP: 103/218 MP: 9/28
 63809 | Depths:1 | Found a gateway to Hell.
 64125 | Depths:1 | Found a sparkling altar of Nemelex Xobeh.
 64327 | Depths:1 | Received a gift from Okawaru
 64471 | Depths:1 | Found a deep blue altar of Sif Muna.
 64500 | Depths:1 | Received a gift from Okawaru
 64577 | Depths:1 | Found a gateway to Hell.
 64708 | Depths:1 | Found a corrupted altar of Lugonu.
 64708 | Depths:1 | Found a one-way gate to the infinite horrors of the Abyss.
 65793 | Depths:2 | Found a gateway to a ziggurat.
 65797 | Depths:2 | Found a shimmering altar of Xom.
 65798 | Depths:2 | Found a gateway to Hell.
 65798 | Depths:2 | Found a burning altar of Makhleb.
 65931 | Depths:2 | Found a blossoming altar of Fedhas.
 66013 | Depths:2 | Received a gift from Okawaru
 66433 | Depths:2 | Reached skill level 21 in Maces & Flails
 66447 | Depths:2 | Received a gift from Okawaru
 66468 | Depths:2 | Got an ancient giant club {god gift}
 66552 | Depths:2 | Identified the +6 giant club of Gearr {vamp, *Rage rN+ Str+4 Int+1 SInv} (Okawaru gifted it to you on level 2 of the Depths)
 67163 | Depths:2 | Received a gift from Okawaru
 67166 | Depths:2 | Got an ichor-stained robe {god gift}
 67177 | Depths:2 | Identified the +2 robe "Ofuyfiag" {+Fly} (Okawaru gifted it to you on level 2 of the Depths)
 67624 | Depths:2 | Reached XP level 21. HP: 207/226 MP: 13/30
 68494 | Depths:2 | Reached skill level 22 in Maces & Flails
 68500 | Depths:2 | Received a gift from Okawaru
 69657 | Depths:3 | Noticed Aizul
 69682 | Depths:2 | Killed Aizul
 70027 | Depths:3 | Found a gateway to Hell.
 70044 | Depths:3 | Found Phaepp's Armour Shop.
 70135 | Depths:2 | Received a gift from Okawaru
 70802 | Depths:2 | Lost mutation: You heal slowly when monsters are visible. [evolution]
 70845 | Depths:3 | Reached skill level 23 in Maces & Flails
 71823 | Depths:2 | Received a gift from Okawaru
 71829 | Depths:2 | Got a pitted flail {god gift}
 71830 | Depths:2 | Identified the +8 flail of Capital Punishment {crush, rF+ Int+1} (Okawaru gifted it to you on level 2 of the Depths)
 71981 | Depths:4 | Found a one-way gate leading to the halls of Pandemonium.
 72127 | Depths:3 | Received a gift from Okawaru
 72546 | Depths:3 | Reached skill level 15 in Evocations
 72546 | Depths:3 | Reached XP level 22. HP: 199/236 MP: 32/32
 73044 | Depths:3 | Received a gift from Okawaru
 74079 | Depths:3 | Got a ripped robe
 74090 | Depths:3 | Identified the +2 robe of Zin's Outrage {Str+3 Int-1 Slay+2} (You found it on level 3 of the Depths)
 74325 | Depths:2 | Reached skill level 24 in Maces & Flails
 74990 | Elf:1    | Entered Level 1 of the Elven Halls
 75066 | Elf:1    | Received a gift from Okawaru
 75069 | Elf:1    | Got a dull robe {god gift}
 75080 | Elf:1    | Identified the +0 robe "Yshoinim" {Str+4 Dex+2 Curse} (Okawaru gifted it to you on level 1 of the Elven Halls)
 75561 | Elf:1    | Identified the Catalogue of Supportive Battle Magic
 76075 | Elf:1    | Found Zolef's Weapon Shop.
 76131 | Elf:2    | Noticed Jorgrun
 76165 | Elf:2    | Killed Jorgrun
 76168 | Elf:2    | Upgraded the game from 0.16-a0-1009-g0339a9e to 0.16-a0-1029-gdfc7942
 76426 | Elf:2    | Found Grakaban's Armour Shop.
 76443 | Elf:2    | Bought a +2 cloak of magic resistance for 430 gold pieces
 77471 | Elf:3    | Entered Level 3 of the Elven Halls
 77819 | Elf:3    | Got a crude flail
 77820 | Elf:3    | Identified the +7 flail "Brush" {crush, Int+3 Stlth-} (You found it on level 3 of the Elven Halls)
 78081 | Elf:3    | Received a gift from Okawaru
 78336 | Elf:3    | Reached XP level 23. HP: 179/244 MP: 11/34
 78512 | Elf:3    | Got a crude glass ring
 78559 | Elf:3    | Identified the ring "Ugeq" {Int+3 Slay+6 Stlth+} (You took it off a deep elf high priest on level 3 of the Elven Halls)
 78739 | Elf:3    | Cast into the Abyss (deep elf annihilator)
 78771 | Elf:3    | Escaped the Abyss
 79002 | Elf:3    | Received a gift from Okawaru
 79006 | Elf:3    | Got a crude war axe
 79007 | Elf:3    | Identified the +7 war axe "Dragonslayer" {distort, Str+2} (You took it off a deep elf demonologist on level 3 of the Elven Halls)
 79123 | Elf:3    | Identified The Last Incunabulum of the Blind Seer
 79127 | Elf:3    | Identified the Incunabulum of Flight
 79132 | Elf:3    | Learned a level 2 spell: Repel Missiles
 79133 | Elf:3    | Identified the Incunabulum of Calling
 79136 | Elf:3    | Got a fine iron amulet
 79143 | Elf:3    | Identified the amulet "Maiz" {Spirit Str+2 Stlth--} (You found it on level 3 of the Elven Halls)
 79148 | Elf:3    | Got a twitching silver ring
 79149 | Elf:3    | Identified the ring of Chatane {rF+ rC-} (You found it on level 3 of the Elven Halls)
 79180 | Elf:3    | Got a fine crystal amulet
 79181 | Elf:3    | Identified the amulet "Haocef" {Gourm Str+2 Int-4} (You found it on level 3 of the Elven Halls)
 79352 | Orc:3    | Lost mutation: You evolve. [end of evolution]
 79539 | D:12     | Bought a potion of resistance for 105 gold pieces
 79539 | D:12     | Bought a potion of cancellation for 82 gold pieces
 79539 | D:12     | Bought a potion of flight for 45 gold pieces
 79629 | Vaults:1 | Entered Level 1 of the Vaults
 80233 | Vaults:1 | Noticed Asterion
 80257 | Vaults:1 | Killed Asterion
 80361 | Vaults:1 | Received a gift from Okawaru
 80578 | Vaults:1 | Received a gift from Okawaru
 80583 | Vaults:1 | Got an ancient steam dragon armour {god gift}
 80584 | Vaults:1 | Identified the +5 steam dragon armour "Twulem" {rElec} (Okawaru gifted it to you on level 1 of the Vaults)
 81740 | Vaults:2 | Received a gift from Okawaru
 82019 | Vaults:2 | Found a staircase to the Crypt.
 82299 | Vaults:2 | Received a gift from Okawaru
 82329 | Vaults:2 | Reached XP level 24. HP: 256/256 MP: 35/35
 82577 | Vaults:3 | Received a gift from Okawaru
 84281 | Vaults:4 | Received a gift from Okawaru
 84343 | Vaults:4 | Received a gift from Okawaru
 84658 | Vaults:4 | Received a gift from Okawaru
 85463 | Vaults:4 | Found Mubaaj's Antique Armour Emporium.
 85603 | Vaults:4 | Found Gho Lyclung's Jewellery Shoppe.
 85612 | Vaults:4 | Bought a cursed amulet of inaccuracy for 24 gold pieces
 85651 | Vaults:4 | Found Iquuph's Antique Weapon Boutique.
 85757 | Vaults:4 | Found Haschese's Armour Boutique.
 85759 | Vaults:4 | Found Daet's Book Emporium.
 86154 | Vaults:5 | Entered Level 5 of the Vaults
 86204 | Vaults:5 | Reached XP level 25. HP: 223/263 MP: 35/35
 86218 | Vaults:5 | Noticed an ancient lich
 86229 | Vaults:5 | Killed an ancient lich
 86229 | Vaults:5 | Received a gift from Okawaru
 86293 | Vaults:5 | Got a twisted hat {god gift}
 86304 | Vaults:5 | Identified the +3 hat "Wetzyffi" {+Rage Int+2} (Okawaru gifted it to you on level 5 of the Vaults)
 86382 | Vaults:5 | Identified Roeras' Guide on Destructive Dark Rituals
 86652 | Vaults:5 | Received a gift from Okawaru
 87073 | Vaults:5 | Got a silver rune of Zot
 87256 | Vaults:5 | Noticed Garrluk's ghost (great DEFE)
 87271 | Vaults:5 | Killed Garrluk's ghost
 87552 | Vaults:5 | Cast into the Abyss (vault guard)
 87647 | Abyss:1  | Received a gift from Okawaru
 88174 | Abyss:1  | Received a gift from Okawaru
 88241 | Abyss:1  | Reached XP level 26. HP: 274/274 MP: 36/36
 88259 | Abyss:2  | Found a corrupted altar of Lugonu.
 88268 | Abyss:2  | Found a corrupted altar of Lugonu.
 88366 | Abyss:2  | Paralysed by accursed screaming for 1 turns
 88369 | Abyss:2  | Paralysed by accursed screaming for 1 turns
 88373 | Abyss:2  | Paralysed by accursed screaming for 1 turns
 89018 | Abyss:3  | Paralysed by you for 7 turns
 89169 | Abyss:3  | Received a gift from Okawaru
 89964 | Abyss:3  | Got an abyssal rune of Zot
 90141 | Abyss:4  | Received a gift from Okawaru
 90290 | Vaults:5 | Escaped the Abyss
 90334 | Vaults:5 | Got a crude cloak
 90335 | Vaults:5 | Identified the cursed +0 cloak of the Little Devil {Str+3 Dex+1} (You found it on level 5 of the Vaults)
 91572 | Depths:4 | Found Loamafoa's Magic Scroll Shoppe.
 91576 | Depths:4 | Bought a scroll of blinking for 157 gold pieces
 91576 | Depths:4 | Bought a scroll of immolation for 73 gold pieces
 91576 | Depths:4 | Bought a scroll of enchant armour for 157 gold pieces
 91576 | Depths:4 | Bought a scroll of identify for 42 gold pieces
 91640 | Depths:4 | Reached XP level 27. HP: 303/305 MP: 36/36
 91780 | Depths:4 | Identified Voyruokh's Disquisition on Ashen Evil Secrets
 91953 | Depths:4 | Noticed Frederick
 91958 | Depths:4 | Killed Frederick
 91973 | Depths:4 | Upgraded the game from 0.16-a0-1029-gdfc7942 to 0.16-a0-1120-gd281f79
 91991 | Depths:4 | Noticed a golden dragon
 91995 | Depths:4 | Killed a golden dragon
 91995 | Depths:4 | Received a gift from Okawaru
 92241 | Depths:4 | Found a gateway to Hell.
 92409 | Depths:5 | Entered Level 5 of the Depths
 92517 | Depths:5 | Reached skill level 15 in Dodging
 92684 | Depths:5 | Found a gate to the Realm of Zot.
 92702 | Depths:5 | Received a gift from Okawaru
 92807 | Depths:5 | Received a gift from Okawaru
 93466 | Zot:1    | Entered Level 1 of the Realm of Zot
 94790 | Zot:2    | Reached skill level 25 in Armour
 94792 | Zot:2    | Received a gift from Okawaru
 96724 | Zot:4    | Received a gift from Okawaru
 96850 | Zot:4    | Received a gift from Okawaru
 97513 | Zot:5    | Entered Level 5 of the Realm of Zot
 97540 | Zot:5    | Noticed an ancient lich
 97564 | Zot:5    | Killed an ancient lich
 97564 | Zot:5    | Received a gift from Okawaru
 97944 | Zot:5    | Received a gift from Okawaru
 97951 | Zot:5    | Reached skill level 15 in Throwing
 98139 | Zot:5    | Noticed an orb of fire
 98141 | Zot:5    | Noticed an orb of fire
 98147 | Zot:5    | Noticed an ancient lich
 98147 | Zot:5    | Noticed an ancient lich
 98148 | Zot:5    | Noticed an orb of fire
 98148 | Zot:5    | Noticed an orb of fire
 98149 | Zot:5    | Noticed an orb of fire
 98149 | Zot:5    | Gained mutation: Your vision is a little blurry. [an orb of fire]
 98153 | Zot:5    | Noticed an ancient lich
 98177 | Zot:5    | Killed an ancient lich
 98198 | Zot:5    | Killed an orb of fire
 98204 | Zot:5    | HP: 6/305 [Orb Guardian (38)]
 98208 | Zot:5    | Mangled by an Orb Guardian

Action                   |  1- 3 |  4- 6 |  7- 9 | 10-12 | 13-15 | 16-18 | 19-21 | 22-24 | 25-27 || total
-------------------------+-------+-------+-------+-------+-------+-------+-------+-------+-------++-------
Melee: Club              |    87 |       |       |       |       |       |       |       |       ||    87
       Morningstar       |    24 |   152 |       |       |       |  1417 |   573 |       |       ||  2166
       Flail             |       |    41 |   452 |  1017 |   445 |       |       |       |       ||  1955
       Mace              |       |       |       |       |  1734 |  1102 |       |       |       ||  2836
       Eveningstar       |       |       |       |       |       |       |  1141 |   873 |       ||  2014
       Giant club        |       |       |       |       |       |       |       |  1099 |  2051 ||  3150
 Fire: Blowgun           |       |       |    25 |   267 |   108 |    21 |    10 |       |       ||   431
Throw: Large rock        |     7 |    11 |    33 |    23 |   118 |   136 |   507 |    92 |   139 ||  1066
       Throwing net      |       |       |     3 |     3 |     1 |       |       |       |       ||     7
       Javelin           |       |       |       |       |    10 |       |       |       |       ||    10
 Cast: Magic Dart        |       |       |       |       |       |       |     1 |       |       ||     1
Invok: Heroism           |       |       |       |       |       |     4 |     6 |     1 |       ||    11
       Finesse           |       |       |       |       |       |     3 |     6 |       |     2 ||    11
 Abil: Evoke Berserk Rag |       |       |       |       |     4 |     2 |       |       |       ||     6
       Evoke Flight      |       |       |       |       |       |     2 |       |       |       ||     2
Evoke: Wand              |       |       |     2 |     1 |    11 |    27 |     8 |     5 |     4 ||    58
       Fan of gales      |       |       |       |       |       |       |     1 |       |     1 ||     2
       Lamp of fire      |       |       |       |       |       |       |       |     3 |     2 ||     5
       Deck              |       |       |       |       |       |       |       |     1 |       ||     1
  Use: Scroll            |       |       |    18 |     5 |    18 |     8 |    12 |    14 |    16 ||    91
       Potion            |       |       |     1 |     9 |     5 |     8 |    19 |     8 |     6 ||    56
 Stab: Held in net/web   |       |       |     1 |       |       |       |       |       |       ||     1
       Sleeping          |       |       |       |     3 |       |       |       |       |       ||     3
       Distracted        |       |       |       |     3 |       |       |     1 |       |     1 ||     5
       Confused          |       |       |       |       |       |     4 |     1 |       |     1 ||     6
       Fleeing           |       |       |       |       |       |     1 |       |       |       ||     1
  Eat: Chunk             |     3 |     7 |    20 |    17 |    49 |    43 |    25 |    22 |    17 ||   203
       Fruit             |       |       |     1 |     3 |     8 |     4 |       |       |       ||    16
       Pizza             |       |       |     1 |     4 |     3 |     5 |     3 |     1 |     2 ||    19
       Bread ration      |       |       |       |     2 |       |       |       |       |       ||     2
       Royal jelly       |       |       |       |       |     1 |     1 |     1 |       |       ||     3
       Beef jerky        |       |       |       |       |       |       |     8 |     2 |     3 ||    13
       Meat ration       |       |       |       |       |       |       |     1 |     4 |     3 ||     8
